| TOP OF THE 1ST |
|
London Majors batting - Pitching for Chester Pirates : RHP Justin Rousell
|
|
Pitching: RHP Justin Rousell
|
|
|
Batting: RHB Dustin Bargman
|
0-0: Called Strike 0-1: Ball 1-1: Single, Error in OF, E7, batter to second base (Line Drive, 5D, EV 97.5 MPH)
|
|
Batting: RHB Jorge Cruz
|
0-0: Ground out 5-3 (Groundball, 56S, EV 77.5 MPH)
|
|
Batting: RHB Luis Gomez
|
0-0: Ball 1-0: Foul Ball, location: 2F 1-1: Swinging Strike 1-2: Foul Ball, location: 2F 1-2: Ball 2-2: Ball 3-2: Foul Ball, location: 2F 3-2: DOUBLE (Flyball, 9LD, EV 97.5 MPH) Dustin Bargman scores
|
|
Batting: RHB Mark Noftall
|
0-0: Foul Ball, location: 2F 0-1: Ball 1-1: Foul Ball, location: 2F 1-2: Foul Ball, location: 2F 1-2: Ball 2-2: Ball 3-2: Foul Ball, location: 2F 3-2: Foul Ball, location: 2F 3-2: Fly out, F7 (Flyball, 78S, EV 75.6 MPH)
|
|
Batting: RHB Luis Vargas
|
0-0: Ball 1-0: Ground out 4-3 (Groundball, 4, EV 80.6 MPH)
|
| Top of the 1st over - 1 run, 2 hits, 1 error, 1 left on base; London 1 - Chester 0 |
| BOTTOM OF THE 1ST |
|
Chester Pirates batting - Pitching for London Majors : LHP Jack Osborne
|
|
Pitching: LHP Jack Osborne
|
|
|
Batting: LHB Chad Cutler
|
0-0: Ball 1-0: Ball 2-0: Ball 3-0: Base on Balls
|
|
Batting: RHB Rusty Trader
|
0-0: Called Strike 0-1: Swinging Strike 0-2: Strikes out looking
|
|
Batting: RHB Dan Kurtz
|
0-0: Called Strike 0-1: 2-RUN HOME RUN (Flyball, 89XD, EV 109.4 MPH), Distance : 434 ft
|
|
Batting: RHB Steve Terres
|
0-0: Called Strike 0-1: Swinging Strike 0-2: Strikes out swinging
|
|
Batting: LHB Kazuyoshi Ikeda
|
0-0: Ball 1-0: Called Strike 1-1: Ground out 5-3 (Groundball, 56, EV 90.6 MPH)
|
| Bottom of the 1st over - 2 runs, 1 hit, 0 errors, 0 left on base; London 1 - Chester 2 |
| TOP OF THE 2ND |
|
London Majors batting - Pitching for Chester Pirates : RHP Justin Rousell
|
|
Batting: RHB Rudolph Lentz
|
0-0: Ball 1-0: Foul Ball, location: 2F 1-1: Fly out, F9 (Flyball, 89S, EV 94.4 MPH)
|
|
Batting: RHB Mikey Sano
|
0-0: Ball 1-0: Called Strike 1-1: Called Strike 1-2: Strikes out swinging
|
|
Batting: RHB Manny Elizondo
|
0-0: Ball 1-0: Called Strike 1-1: Foul Ball, location: 2F 1-2: Strikes out looking
|
| Top of the 2nd over - 0 runs, 0 hits, 0 errors, 0 left on base; London 1 - Chester 2 |
| BOTTOM OF THE 2ND |
|
Chester Pirates batting - Pitching for London Majors : LHP Jack Osborne
|
|
Batting: RHB Rafael Galicia
|
0-0: Ground out 6-3 (Groundball, 6M, EV 97.5 MPH)
|
|
Batting: RHB Jon Solis
|
0-0: Foul Ball, location: 2F 0-1: Ball 1-1: Ball 2-1: Foul Ball, location: 2F 2-2: Ball 3-2: Strikes out swinging
|
|
Batting: RHB Hector Barajas
|
0-0: Swinging Strike 0-1: Ball 1-1: Swinging Strike 1-2: Ground out 5-3 (Groundball, 56S, EV 86.2 MPH)
|
| Bottom of the 2nd over - 0 runs, 0 hits, 0 errors, 0 left on base; London 1 - Chester 2 |
| TOP OF THE 3RD |
|
London Majors batting - Pitching for Chester Pirates : RHP Justin Rousell
|
|
Batting: RHB Lao-che Zhu
|
0-0: Ball 1-0: Ground out 3-1 (Groundball, 34S, EV 88.8 MPH)
|
|
Batting: RHB Dustin Bargman
|
0-0: Ball 1-0: Ball 2-0: Ball 3-0: Called Strike 3-1: Foul Ball, location: 2F 3-2: Fly out, F9 (Line Drive, 9, EV 95.6 MPH)
|
|
Batting: RHB Jorge Cruz
|
0-0: Foul Ball, location: 2F 0-1: Ball 1-1: Foul Ball, location: 2F 1-2: Strikes out swinging
|
| Top of the 3rd over - 0 runs, 0 hits, 0 errors, 0 left on base; London 1 - Chester 2 |
| BOTTOM OF THE 3RD |
|
Chester Pirates batting - Pitching for London Majors : LHP Jack Osborne
|
|
Batting: RHB Matt Derrien
|
0-0: Ball 1-0: Called Strike 1-1: SINGLE (Groundball, 6D, EV 94.4 MPH)
|
|
Batting: LHB Chad Cutler
|
0-0: Grounds into double play, 6-4-3 (Groundball, 6, EV 108.1 MPH)
|
|
Batting: RHB Rusty Trader
|
0-0: Called Strike 0-1: SINGLE (Groundball, 56D, EV 104.4 MPH)
|
|
Batting: RHB Dan Kurtz
|
0-0: Ball 1-0: Swinging Strike 1-1: Swinging Strike 1-2: Strikes out swinging
|
| Bottom of the 3rd over - 0 runs, 2 hits, 0 errors, 1 left on base; London 1 - Chester 2 |
| TOP OF THE 4TH |
|
London Majors batting - Pitching for Chester Pirates : RHP Justin Rousell
|
|
Batting: RHB Luis Gomez
|
0-0: Ball 1-0: Ground out 6-3 (Groundball, 56, EV 95.6 MPH)
|
|
Batting: RHB Mark Noftall
|
0-0: Ball 1-0: Ball 2-0: Swinging Strike 2-1: Foul Ball, location: 2F 2-2: Strikes out swinging
|
|
Batting: RHB Luis Vargas
|
0-0: Called Strike 0-1: Foul Ball, location: 2F 0-2: Ball 1-2: Ground out 5-3 (Groundball, 56D, EV 79.4 MPH)
|
| Top of the 4th over - 0 runs, 0 hits, 0 errors, 0 left on base; London 1 - Chester 2 |
| BOTTOM OF THE 4TH |
|
Chester Pirates batting - Pitching for London Majors : LHP Jack Osborne
|
|
Batting: RHB Steve Terres
|
0-0: Swinging Strike 0-1: Called Strike 0-2: Ground out 1-3 (Groundball, 15S, EV 74.4 MPH)
|
|
Batting: LHB Kazuyoshi Ikeda
|
0-0: Ball 1-0: Foul Ball, location: 2F 1-1: Swinging Strike 1-2: Strikes out looking
|
|
Batting: RHB Rafael Galicia
|
0-0: Ball 1-0: Called Strike 1-1: Foul Ball, location: 2F 1-2: Ground out 6-3 (Groundball, P, EV 83.8 MPH)
|
| Bottom of the 4th over - 0 runs, 0 hits, 0 errors, 0 left on base; London 1 - Chester 2 |
| TOP OF THE 5TH |
|
London Majors batting - Pitching for Chester Pirates : RHP Justin Rousell
|
|
Batting: RHB Rudolph Lentz
|
0-0: Called Strike 0-1: Swinging Strike 0-2: Strikes out swinging
|
|
Batting: RHB Mikey Sano
|
0-0: Ball 1-0: Ball 2-0: Ground out U3 (Groundball, 34S, EV 78.1 MPH)
|
|
Batting: RHB Manny Elizondo
|
0-0: SOLO HOME RUN (Flyball, 7D, EV 108.1 MPH), Distance : 385 ft
|
|
Batting: RHB Lao-che Zhu
|
0-0: Called Strike 0-1: Foul Ball, location: 2F 0-2: Strikes out looking
|
| Top of the 5th over - 1 run, 1 hit, 0 errors, 0 left on base; London 2 - Chester 2 |
| BOTTOM OF THE 5TH |
|
Chester Pirates batting - Pitching for London Majors : LHP Jack Osborne
|
|
Batting: RHB Jon Solis
|
0-0: Foul Ball, location: 2F 0-1: Ball 1-1: Ball 2-1: Foul Ball, location: 2F 2-2: Strikes out swinging
|
|
Batting: RHB Hector Barajas
|
0-0: Ball 1-0: Swinging Strike 1-1: Foul Ball, location: 2F 1-2: Foul Ball, location: 2F 1-2: Strikes out swinging
|
|
Batting: RHB Matt Derrien
|
0-0: Ball 1-0: Ball 2-0: Called Strike 2-1: Called Strike 2-2: Strikes out swinging
|
| Bottom of the 5th over - 0 runs, 0 hits, 0 errors, 0 left on base; London 2 - Chester 2 |
| TOP OF THE 6TH |
|
London Majors batting - Pitching for Chester Pirates : RHP Justin Rousell
|
|
Batting: RHB Dustin Bargman
|
0-0: SINGLE (Groundball, 4MS, EV 70.0 MPH) (infield hit)
|
|
Batting: RHB Jorge Cruz
|
0-0: Ball 1-0: Ball Dustin Bargman steals 2nd base 2-0: Ball 3-0: Called Strike 3-1: Foul Ball, location: 2F 3-2: SINGLE (Line Drive, 8LS, EV 105.0 MPH) Dustin Bargman to third Runner from 3rd tries for Home, SAFE, throw by CF to home
|
|
Batting: RHB Luis Gomez
|
0-0: Ball Jorge Cruz is caught stealing 2nd base 2-4 1-0: Foul Ball, location: 2F 1-1: Ball 2-1: Foul Ball, location: 2F 2-2: Foul Ball, location: 2F 2-2: Fly out, F8 (Flyball, 8RXD, EV 88.8 MPH)
|
|
Batting: RHB Mark Noftall
|
0-0: Ball 1-0: Foul Ball, location: 2F 1-1: DOUBLE (Line Drive, 78D, EV 109.4 MPH)
|
|
Batting: RHB Luis Vargas
|
0-0: Ball 1-0: Called Strike 1-1: Fly out, F8 (Flyball, 8RM, EV 90.6 MPH)
|
| Top of the 6th over - 1 run, 3 hits, 0 errors, 1 left on base; London 3 - Chester 2 |
| BOTTOM OF THE 6TH |
|
Chester Pirates batting - Pitching for London Majors : LHP Jack Osborne
|
|
Batting: LHB Chad Cutler
|
0-0: Ball 1-0: Ball 2-0: Ball 3-0: Base on Balls
|
|
Batting: RHB Rusty Trader
|
0-0: Ball 1-0: Ball 2-0: Called Strike 2-1: Ball 3-1: Foul Ball, location: 2F 3-2: Base on Balls Chad Cutler to second
|
|
Batting: RHB Dan Kurtz
|
0-0: Called Strike 0-1: Called Strike 0-2: Ball 1-2: Ball 2-2: Ball 3-2: Base on Balls Chad Cutler to third Rusty Trader to second
|
|
Batting: RHB Steve Terres
|
0-0: Ball 1-0: Ball 2-0: Swinging Strike 2-1: SINGLE (Groundball, 6MD, EV 98.1 MPH) Chad Cutler scores Rusty Trader to third Dan Kurtz to second
|
|
Batting: LHB Kazuyoshi Ikeda
|
0-0: Swinging Strike 0-1: Foul Ball, location: 2F 0-2: Strikes out looking
|
|
Batting: RHB Rafael Galicia
|
0-0: Ball 1-0: Ball 2-0: Foul Ball, location: 2F 2-1: Ball 3-1: Foul Ball, location: 2F 3-2: Strikes out swinging
|
|
Batting: RHB Jon Solis
|
0-0: Called Strike 0-1: Foul Ball, location: 2F 0-2: Ball 1-2: Strikes out swinging
|
| Bottom of the 6th over - 1 run, 1 hit, 0 errors, 3 left on base; London 3 - Chester 3 |
| TOP OF THE 7TH |
|
London Majors batting - Pitching for Chester Pirates : RHP Justin Rousell
|
|
Batting: RHB Rudolph Lentz
|
0-0: SINGLE (Groundball, 4M, EV 103.8 MPH)
|
|
Batting: RHB Mikey Sano
|
0-0: Called Strike 0-1: Fielders Choice at 2nd, 6-4 (Groundball, 6, EV 87.5 MPH)
|
|
Batting: RHB Manny Elizondo
|
0-0: Ball 1-0: Called Strike 1-1: Called Strike 1-2: Ball 2-2: Ball 3-2: Fly out, F8 (Line Drive, 8LD, EV 103.8 MPH)
|
|
Batting: RHB Lao-che Zhu
|
0-0: Called Strike 0-1: Foul Ball, location: 2F 0-2: Ball 1-2: Strikes out looking
|
| Top of the 7th over - 0 runs, 1 hit, 0 errors, 1 left on base; London 3 - Chester 3 |
| BOTTOM OF THE 7TH |
|
Chester Pirates batting - Pitching for London Majors : LHP Jack Osborne
|
|
Batting: RHB Hector Barajas
|
0-0: Ball 1-0: Swinging Strike 1-1: Foul Ball, location: 2F 1-2: SOLO HOME RUN (Line Drive, 7D, EV 106.9 MPH), Distance : 407 ft
|
|
Batting: RHB Matt Derrien
|
0-0: Ball 1-0: Called Strike 1-1: Foul Ball, location: 2F 1-2: Strikes out looking
|
|
Batting: LHB Chad Cutler
|
0-0: Called Strike 0-1: Foul Ball, location: 2F 0-2: Foul Ball, location: 2F 0-2: Ball 1-2: Strikes out looking
|
|
Batting: RHB Rusty Trader
|
0-0: Foul Ball, location: 2F 0-1: Called Strike 0-2: Strikes out swinging
|
| Bottom of the 7th over - 1 run, 1 hit, 0 errors, 0 left on base; London 3 - Chester 4 |
| TOP OF THE 8TH |
|
London Majors batting - Pitching for Chester Pirates : RHP Justin Rousell
|
|
Batting: RHB Dustin Bargman
|
0-0: Called Strike 0-1: Foul Ball, location: 2F 0-2: Ball 1-2: SINGLE (Line Drive, 34D, EV 96.2 MPH)
|
|
Batting: RHB Jorge Cruz
|
0-0: Sac Bunt to 2R - play at first, batter OUT! 2-3 Dustin Bargman to second
|
|
Batting: RHB Luis Gomez
|
0-0: Ball 1-0: Ball 2-0: Ball 3-0: Base on Balls
|
|
Pitching: RHP Bill Gomez
|
|
|
Batting: RHB Mark Noftall
|
0-0: Ball 1-0: Ball 2-0: Called Strike 2-1: Foul Ball, location: 2F 2-2: Fly out, F9 (Flyball, 9S, EV 79.4 MPH)
|
|
Pinch Hitting: RHB John Rios
|
0-0: Ball 1-0: Foul Ball, location: 2F 1-1: Ball 2-1: Fly out, F8 (Flyball, 8RXD, EV 90.0 MPH)
|
| Top of the 8th over - 0 runs, 1 hit, 0 errors, 2 left on base; London 3 - Chester 4 |
| BOTTOM OF THE 8TH |
|
Chester Pirates batting - Pitching for London Majors : LHP Jack Osborne
|
|
Pitching: RHP Dave Vandehey
|
|
|
Now at C: John Rios
|
|
|
Batting: RHB Dan Kurtz
|
0-0: Ball 1-0: Foul Ball, location: 2F 1-1: Foul Ball, location: 2F 1-2: Ball 2-2: Ground out 4-3 (Groundball, 34, EV 103.1 MPH)
|
|
Batting: RHB Steve Terres
|
0-0: Swinging Strike 0-1: Ball 1-1: Called Strike 1-2: Ground out 6-3 (Groundball, 6, EV 103.1 MPH)
|
|
Batting: LHB Kazuyoshi Ikeda
|
0-0: Swinging Strike 0-1: Foul Ball, location: 2F 0-2: Ball 1-2: Ball 2-2: Ball 3-2: Strikes out swinging
|
| Bottom of the 8th over - 0 runs, 0 hits, 0 errors, 0 left on base; London 3 - Chester 4 |
| TOP OF THE 9TH |
|
London Majors batting - Pitching for Chester Pirates : RHP Bill Gomez
|
|
Pinch Hitting: SHB Kevin Watson
|
0-0: Ball 1-0: Ball 2-0: Fly out, F8 (Flyball, 8RXD, EV 105.0 MPH)
|
|
Pinch Hitting: RHB Brandon Williams
|
0-0: Ground out 4-3 (Groundball, 4, EV 98.1 MPH)
|
|
Pinch Hitting: RHB David Gamez
|
0-0: Ball 1-0: Foul Ball, location: 2F 1-1: Ball 2-1: Foul Ball, location: 2F 2-2: Ball 3-2: Foul Ball, location: 2F 3-2: Ground out 6-3 (Groundball, 56, EV 100.6 MPH)
|
| Top of the 9th over - 0 runs, 0 hits, 0 errors, 0 left on base; London 3 - Chester 4 |
|